 Seeded DCSS version 0.27-a0-1101-ge311f74bc8 (webtiles) character file.

Game seed: 20210428 (custom seed)

34 Snicker the Sneak (level 3, 0/27 HPs)
             Began as a Demonspawn Brigand on Apr 28, 2021.
             Frozen to death by an endoplasm (4 damage)
             ... on level 3 of the Dungeon.
             The game lasted 00:01:43 (1006 turns).

Snicker the Sneak (Demonspawn Brigand)              Turns: 1006, Time: 00:01:44

Health: 0/27       AC:  3    Str: 11    XL:     3   Next: 14%
Magic:  3/3        EV: 11    Int: 12    God:
Gold:   19         SH:  0    Dex: 15    Spells: 2/2 levels left

rFire    . . .     SeeInvis .   k - +1 whip (elec)
rCold    . . .     Faith    .   (no shield)
rNeg     . . .     Spirit   .   b - +0 robe
rPois    .         Reflect  .   (no helmet)
rElec    .         Harm     .   c - +0 cloak
rCorr    .         Rampage  .   (no gloves)
Will     .....                  (no boots)
Stlth    +++.......             (no amulet)
HPRegen  0.09/turn              (no ring)
MPRegen  0.08/turn              (no ring)

@: no status effects
A: talons 1, spiny 1
a: no special abilities


You were on level 3 of the Dungeon.
You visited 1 branch of the dungeon, and saw 3 of its levels.

You collected 19 gold pieces.

Inventory:

Hand Weapons
 a - a +2 dagger
 k - a +1 whip of electrocution (weapon)
Missiles
 d - 10 poisoned darts (quivered)
 e - 2 curare-tipped darts
 f - a throwing net
Armour
 b - a +0 robe (worn)
 c - a +0 cloak (worn)
 j - a +1 hat
Scrolls
 g - a scroll of amnesia {unknown}
 h - a scroll of enchant weapon {unknown}
 i - a scroll of summoning {unknown}


   Skills:
 + Level 2.1 Fighting
 * Level 1.9 Short Blades
 + Level 1.7 Throwing
 + Level 1.0 Dodging
 * Level 4.5 Stealth


You had 2 spell levels left.
You didn't know any spells.
Your spell library contained the following spells:

 Spells                   Type           Power      Damage    Failure   Level
 Corona                   Hex            0%         N/A       32%         1
 Ensorcelled Hibernation  Hex/Ice        0%         N/A       45%         2
 Confusing Touch          Hex            0%         N/A       69%         3
 Dazzling Flash           Conj/Hex       0%         N/A       69%         3
 Tukima's Dance           Hex            0%         N/A       69%         3


Dungeon Overview and Level Annotations

Branches:
Dungeon (2/15)

Altars:
Uskayaw


Innate Abilities, Weirdness & Mutations

You have sharp toenails.
You are partially covered in sharp spines.


Message History

You feel agile.
Your demonic ancestry asserts itself...
Your toenails lengthen and sharpen.
A rat comes into view.
You see here a +1 whip of electrocution.
k - a +1 whip of electrocution The ball python bites you.
The ball python is struck by your spines.
You kill the ball python!
The quokka barely misses you. The quokka barely misses you.
You hit the quokka.
The quokka is severely wounded.
The quokka bites you.
* * * LOW HITPOINT WARNING * * *
You miss the quokka.
The quokka is severely wounded.
The quokka is struck by your spines.
You kill the quokka!
You hit the kobold. Your kick misses the kobold.
The kobold is severely wounded.
The kobold is struck by your spines.
You kill the kobold!
You hear the crackle of electricity.
k - a +1 whip of electrocution (weapon)
You barely miss the hobgoblin. The hobgoblin is struck by your spines.
You kill the hobgoblin!
The endoplasm freezes you.
You are frozen.
* * * LOW HITPOINT WARNING * * *
Things that are here:
a +0 whip; 3 stones; a quokka corpse You barely miss the endoplasm.
The endoplasm freezes you.
You are frozen.
* * * LOW HITPOINT WARNING * * *
You hit the endoplasm.
The endoplasm is heavily wounded.
The endoplasm freezes you.
You are frozen.
You die...

#<............. #.....g.......
####.#......<.#
#>.....)..###.##
.....#....#....# ..
.....#......# .##.... #
#........##...#.........
#..#.#.#.J.# .....8.8....
.........###@# ...........#
........### #.####.8.....8....
........#####...##.........._.
...................8.....8....
..............#..#..........#.
......###....##.#...8.8.....
.....................#
.######.......#...####
###.#..###†...##


You could see an endoplasm.

Vanquished Creatures
  A dart slug (D:1)
  4 ball pythons
  4 bats
  A giant cockroach (D:1)
  4 goblins
  3 hobgoblins
  6 kobolds
  A quokka (D:3)
  A frilled lizard (D:3)
  A rat (D:3)
26 creatures vanquished.

Vanquished Creatures (others)
  A dart slug (D:1)
1 creature vanquished.

Grand Total: 27 creatures vanquished

Notes
Turn   | Place    | Note
-------+----------+-------------------------------------------
     0 | D:1      | Snicker the Demonspawn Brigand began the quest for the Orb.
     0 | D:1      | Reached XP level 1. HP: 16/16 MP: 1/1
    95 | D:1      | Reached skill level 4 in Stealth
   164 | D:1      | Found a faded altar of an unknown god.
   198 | D:1      | Gained mutation: You are partially covered in sharp spines.
                  | [demonic ancestry]
   198 | D:1      | Reached XP level 2. HP: 22/22 MP: 2/2
   228 | D:1      | Reached skill level 1 in Dodging
   871 | D:2      | You fall into a shaft and drop 1 floor!
   877 | D:3      | Found a hide-covered altar of Uskayaw.
   990 | D:3      | Gained mutation: You have sharp toenails. [demonic
                  | ancestry]
   990 | D:3      | Reached XP level 3. HP: 11/27 MP: 3/3
  1006 | D:3      | Frozen to death by an endoplasm

Illustrated notes

Levels and vault maps discovered:
D:1:      psy_arrival_terrarium, layout_loops_cross,
          hellmonk_ecumenical_altar_crossroads, minivault_26,
          lemuel_flame_loot_1
D:2:      layout_loops_corners, basic_altar, amethyst_killhole
D:3:      layout_rooms, lemuel_tele_altar, nicolae_uskayaw_dance_hall,
          nicolae_ashenzari_skybound, gammafunk_ghost_necromancy,
          portal_sewer_entry_b, guppyfry_early_orc_mine

Skill      XL: |  1  2 |
---------------+-------+-----
Stealth        | 4 |  4.5
Dodging        | 1 |  1.0
Fighting       | |  2.1
Short Blades   | |  1.9
Throwing       | |  1.7

Action                   || total
-------------------------++-------
Melee: Dagger            ||    49
       Whip              ||     3
 Stab: Sleeping          ||     3
Armor: Robe              ||    13
Dodge: Dodged            ||    33

Table legend: (Time is in decaauts)
 A = Elapsed time spent in this place.
 B = Non-inter-level travel time spent in this place.
 C = Inter-level travel time spent in this place.
 D = Time resting spent in this place.
 E = Time spent auto-exploring this place.
 F = Levels seen in this place.
 G = Mean time per level.
                   A        B        C        D        E       F      G
               +--------+--------+--------+--------+--------+-----+--------+
         Total |   1000 |    984 |     16 |      0 |    722 |   3 |  333.3 |
       Dungeon |   1000 |    984 |     16 |      0 |    722 |   3 |  333.3 |
               +--------+--------+--------+--------+--------+-----+--------+

Top non-repeatable levels by time:
     D:1: 849 daAuts
     D:3: 132 daAuts
     D:2: 18 daAuts
